 Dungeon Crawl Stone Soup version 0.17.0-55-g1383181 (console) character file.

1521 Kloppie the Tainter (level 8, -9/57 HPs)
             Began as a Yellow Draconian Venom Mage on Dec 4, 2015.
             Was an Initiate of Vehumet.
             Mangled by an ice beast (13 damage)
             ... on level 7 of the Dungeon.
             The game lasted 00:12:58 (7107 turns).

Kloppie the Tainter (Yellow Draconian Venom Mage)   Turns: 7107, Time: 00:12:59

Health: -9/57      AC:  8    Str: 11    XL:     8   Next: 54%
Magic:  9/11       EV: 17    Int: 16    God:    Vehumet [......]
Gold:   333        SH:  0    Dex: 16    Spells: 3 memorised, 3 levels left

rFire  . . .     SeeInvis .     H - +0 morningstar
rCold  . . .     Clarity  .     (armour unavailable)
rNeg   . . .     SustAt   .     (no shield)
rPois  .         Gourm    .     (helmet restricted)
rElec  .         Spirit   .     y - +1 cloak
rCorr  +         Warding  .     (no gloves)
rMut   .         Stasis   .     (no boots)
MR     .....                    (no amulet)
Stlth  +++.......               (no ring)
                                v - -2 ring of intelligence (curse)

@: agile, not resistant to hostile enchantments, fairly stealthy
A: spit acid, acid resistance, unfitting armour, cold-blooded, AC +6
a: Spit Acid, Renounce Religion


You were on level 7 of the Dungeon.
You worshipped Vehumet.
Vehumet was noncommittal.
You were not hungry.

You visited 2 branches of the dungeon, and saw 8 of its levels.

You collected 333 gold pieces.

Inventory:

Hand Weapons
 j - a +4 whip of holy wrath
 F - a +1 war axe of freezing
 H - a +0 morningstar (weapon)
Armour
 y - a +1 cloak (worn)
Jewellery
 v - a cursed -2 ring of intelligence (left hand)
Wands
 g - a wand of invisibility (6)
 k - a wand of digging (14)
 q - a wand of polymorph (12)
 B - a wand of random effects (22)
Scrolls
 c - a scroll of remove curse
 e - a scroll of random uselessness
 i - 2 scrolls of fear
 n - 2 scrolls of amnesia
 C - a scroll of noise
Potions
 d - a potion of agility
 f - a potion of mutation {unknown}
 m - 2 potions of might
 o - 3 potions of heal wounds {unknown}
 p - a potion of magic
 r - 2 potions of curing {unknown}
 s - 2 potions of degeneration {unknown}
 u - 2 potions of haste {unknown}
 x - a potion of flight {unknown}
 A - 2 potions of berserk rage {unknown}
 D - a potion of ambrosia {unknown}
Books
 a - a Young Poisoner's Handbook

   Spells                             Type                      Level
   a - Sting                          Conjuration/Poison           1
   b - Cure Poison                    Poison                       2
   c - Mephitic Cloud                 Conjuration/Poison/Air       3
   d - Olgreb's Toxic Radiance        Poison                       4
   e - Venom Bolt                     Conjuration/Poison           5
Comestibles
 b - 5 bread rations
 h - 3 meat rations
 t - 2 fruits
 E - a slice of pizza
 G - a beef jerky


   Skills:
 - Level 1.7 Dodging
 - Level 1.7 Stealth
 - Level 2.0 Spellcasting
 + Level 7.0 Conjurations
 + Level 9.0 Poison Magic


You had 3 spell levels left.
You knew the following spells:

 Your Spells              Type           Power        Failure   Level  Hunger
a - Sting                 Conj/Pois      ####         1%          1    #......
b - Cure Poison           Pois           ####......   1%          2    ###....
c - Venom Bolt            Conj/Pois      ####......   21%         5    ######.


Dungeon Overview and Level Annotations

Branches:
Dungeon (7/15)             Temple (1/1) D:5

Altars:
Ashenzari
Dithmenos
Elyvilon
Fedhas
Gozag
Kikubaaqudgha
Nemelex Xobeh
Okawaru
Qazlal
Ru
Sif Muna
Trog
Vehumet
Xom
Yredelemnul
The Shining One

Annotations:
D:3 Kloppie's ghost, amateur FoVM
D:6 Grinder; Prince Ribbit


Innate Abilities, Weirdness & Mutations

You can spit globs of acid.
You are resistant to acid.
Your golden yellow scales are hard (AC +6).
Your body does not fit into most forms of armour.
You are cold-blooded and may be slowed by cold attacks.


Message History

The ice beast misses you.
Casting: Sting
Confirm with . or Enter, or press ? or * to list all spells.
Aiming: Sting
Press: ? - help, Shift-Dir - straight line, f/p - ice beast
Aim: an ice beast (heavily wounded)
The sting hits the ice beast.
The ice beast is heavily wounded.
The ice beast hits you but does no damage.
Casting: Sting
Confirm with . or Enter, or press ? or * to list all spells.
Aiming: Sting
Press: ? - help, Shift-Dir - straight line, f/p - ice beast
Aim: an ice beast (heavily wounded)
The sting hits the ice beast.
The ice beast appears unharmed.
The ice beast is heavily wounded.
The ice beast hits you.
* * * LOW HITPOINT WARNING * * *
The ice beast freezes you!
You die...

#####...################
#.......................
#.......................
#.......................
#.......................
#.........##.....#.#####
#.........##.....#......
#......Y..##.....#รท.[...
#......@.....###.#......
#............# #.#......
####.........# #.#.#####
#######.........# #...###
(.....'.........# #.###[#
#######........####.# #.#
###########...# #.#
###.###.# #...#.###


You could see an ice beast.

Vanquished Creatures
  Sigmund (D:4)
  A hungry ghost (D:5)
  A sky beast (D:5)
  2 phantoms (D:4)
  4 ogres
  A crimson imp (D:5)
  A centaur zombie (D:5)
  3 hounds
  2 orc wizards (D:4)
  A centaur skeleton (D:4)
  A giant frog skeleton (D:5)
  Natasha (D:3)
  4 worker ants
  4 gnolls
  5 adders
  A shadow imp (D:5)
  3 oozes
  A worm (D:3)
  12 orcs
  A ball python (D:3)
  9 bats
  6 giant cockroaches
  12 hobgoblins
  3 jackals (D:4)
  3 quokkas
  7 giant geckos
  5 giant newts
  6 goblins
  5 kobolds
  6 rats
112 creatures vanquished.

Notes
Turn   | Place    | Note
--------------------------------------------------------------
     0 | D:1      | Kloppie the Draconian Venom Mage began the quest for the Orb.
     0 | D:1      | Reached XP level 1. HP: 14/14 MP: 3/3
   374 | D:1      | Reached XP level 2. HP: 11/20 MP: 0/5
  1505 | D:1      | Reached XP level 3. HP: 26/26 MP: 6/6
  1773 | D:1      | Reached skill level 5 in Poison Magic
  1896 | D:2      | Found a glowing golden altar of the Shining One.
  1923 | D:2      | Reached skill level 1 in Conjurations
  2194 | D:2      | Found a shimmering altar of Xom.
  2343 | D:2      | Found a sacrificial altar of Ru.
  2553 | D:3      | Reached XP level 4. HP: 33/33 MP: 4/7
  2584 | D:2      | HP: 1/33 [poisoned by an adder]
  3081 | D:3      | Noticed Natasha
  3086 | D:3      | Killed Natasha
  3219 | D:3      | Reached XP level 5. HP: 38/38 MP: 8/8
  3401 | D:3      | Found a sparkling altar of Nemelex Xobeh.
  3493 | D:3      | Found a white marble altar of Elyvilon.
  3585 | D:3      | Noticed Kloppie's ghost (amateur FoVM)
  3687 | D:4      | Found a shattered altar of Ashenzari.
  3694 | D:4      | Learned a level 5 spell: Venom Bolt
  3708 | D:4      | Learned a level 2 spell: Cure Poison
  3719 | D:4      | Reached skill level 6 in Poison Magic
  4004 | D:4      | Noticed a phantom
  4258 | D:4      | Noticed an ogre
  4267 | D:4      | Killed an ogre
  4267 | D:4      | Reached XP level 6. HP: 45/45 MP: 3/9
  4338 | D:4      | Noticed a phantom
  4358 | D:4      | Killed a phantom
  4614 | D:4      | Noticed Sigmund
  4641 | D:4      | Killed Sigmund
  4641 | D:4      | Reached skill level 7 in Poison Magic
  4641 | D:4      | Your scales start taking on a golden yellow colour.
  4641 | D:4      | Reached XP level 7. HP: 20/50 MP: 3/10
  4870 | D:4      | Reached skill level 5 in Conjurations
  4939 | D:4      | Killed a phantom
  5270 | D:5      | Entered Level 5 of the Dungeon
  5390 | D:5      | Found a staircase to the Ecumenical Temple.
  5475 | D:5      | Reached skill level 8 in Poison Magic
  5475 | D:5      | Reached XP level 8. HP: 28/57 MP: 11/11
  5661 | Temple   | Entered the Ecumenical Temple
  5700 | Temple   | Became a worshipper of Vehumet
  6414 | D:5      | Found a deep blue altar of Sif Muna.
  6568 | D:6      | Noticed Grinder
  6789 | D:6      | Noticed Prince Ribbit
  6884 | D:7      | Found an iron altar of Okawaru.
  6957 | D:7      | Found a blossoming altar of Fedhas.
  7009 | D:7      | Reached skill level 9 in Poison Magic
  7107 | D:7      | Mangled by an ice beast

Action                   |  1- 3 |  4- 6 |  7- 9 || total
-------------------------+-------+-------+-------++-------
Melee: Unarmed           |    27 |       |       ||    27
       Whip              |    67 |   115 |   166 ||   348
       Club              |     6 |       |       ||     6
       Morningstar       |       |       |     3 ||     3
 Cast: Sting             |    42 |    71 |    48 ||   161
  Use: Scroll            |       |       |    11 ||    11
       Potion            |       |       |     1 ||     1
 Stab: Sleeping          |     1 |     2 |       ||     3
  Eat: Chunk             |     6 |     7 |     9 ||    22
       Meat ration       |       |       |     1 ||     1
       Fruit             |       |       |     4 ||     4
